 Dungeon Crawl Stone Soup version 0.19-a0-1792-g28b16ba (webtiles) character file.

758340 kae the Swordmaster (level 27, -10/235 HPs)
             Began as a Formicid Fighter on Oct 4, 2016.
             Was the Champion of Okawaru.
             Mangled by an iron giant
             ... wielding a +0 giant club
              (34 damage)
             ... on level 7 of the Iron City of Dis.
             The game lasted 02:59:52 (81542 turns).

kae the Swordmaster (Formicid Fighter)             Turns: 81542, Time: 02:59:53

Health: -10/235    AC: 45    Str: 35    XL:     27
Magic:  38/38      EV: 31    Int: 11    God:    Okawaru [******]
Gold:   11061      SH: 33    Dex: 16    Spells: 0 memorised, 26 levels left

rFire  . . .     SeeInvis +     b - +10 sword of Jihad {holy, *Rage rN+ EV+3}
rCold  + . .     Gourm    .     J - +13 pearl dragon armour "Fisas" {*Corrode rN+ Regen+ Int+2}
rNeg   + + +     Faith    .     k - +6 large shield {AC+3}
rPois  +         Spirit   .     (helmet unavailable)
rElec  +         Dismiss  .     D - +2 cloak {rPois}
rCorr  .         Reflect  .     x - +2 pair of gloves of the Land of Plenty {rElec rC+}
MR     +++++     Harm     .     n - +2 pair of boots {run}
Stlth  +......... Clarity  +    Q - amulet of the Four Winds {rN+ MR+++ Clar}
                                p - +5 ring of slaying
                                S - ring of Qodidas {Wiz Str+4 Dex+6}

@: heroism, corroded, quick
A: permanent stasis, dig shafts and tunnels, four strong arms, antennae 3, weak
1
a: Dig, Shaft Self, Heroism, Finesse, Renounce Religion
}: 5/15 runes: barnacled, silver, golden, abyssal, gossamer


You were on level 7 of the Iron City of Dis.
You worshipped Okawaru.
Okawaru was exalted by your worship.
You were not hungry.

You visited 13 branches of the dungeon, and saw 59 of its levels.
You visited the Abyss 1 time.
You also visited: Labyrinth and Wizlab.

You collected 12256 gold pieces.
You spent 1195 gold pieces at shops.

Inventory:

Hand Weapons
 a - a +9 triple sword of electrocution
 b - the +10 sword of Jihad (weapon) {holy, *Rage rN+ EV+3}
   (Okawaru gifted it to you in the Vestibule of Hell)

   It has been blessed by the Shining One to cause great damage to the undead
   and demons.
   It affects your evasion (+3).
   It protects you from negative energy.
   It may make you go berserk in combat.
 u - a +4 double sword of flaming
Armour
 h - a +2 pair of boots of flying
 k - a +6 large shield of protection (worn)
 n - a +2 pair of boots of running (worn)
 x - the +2 pair of gloves of the Land of Plenty (worn) {rElec rC+}
   (You bought it in a shop on level 7 of the Dungeon)

   It protects you from cold.
   It insulates you from electricity.
 D - a +2 cloak of poison resistance (worn)
 J - the +13 pearl dragon armour "Fisas" (worn) {*Corrode rN+ Regen+ Int+2}
   (Okawaru gifted it to you on level 4 of the Spider Nest)

   It affects your intelligence (+2).
   It protects you from negative energy.
   It increases your rate of regeneration.
   It may corrode you when you take damage.
Jewellery
 p - a +5 ring of slaying (right hand)
 Q - the amulet of the Four Winds (around neck) {rN+ MR+++ Clar}
   (You found it on level 6 of the Lair of Beasts)

   [amulet of nothing]

   It protects you from negative energy.
   It affects your resistance to hostile enchantments.
   It protects you against confusion.
 S - the ring of Qodidas (left hand) {Wiz Str+4 Dex+6}
   (You acquired it on level 1 of the Tomb of the Ancients)

   [ring of wizardry]

   It improves your spell success rate.
   It affects your strength (+4).
   It affects your dexterity (+6).
 Z - the amulet "Tiloyg" {rElec rC+ Regen+ Slay+4}
   (You took it off a fire giant on level 4 of the Depths)

   [amulet of regeneration]

   It affects your accuracy and damage with ranged weapons and melee attacks
   (+4).
   It protects you from cold.
   It insulates you from electricity.
   It increases your rate of regeneration.
Wands
 y - a wand of heal wounds (2/9)
 N - a wand of heal wounds (4/9)
Scrolls
 c - 3 scrolls of enchant armour
 i - a scroll of recharging
 m - 4 scrolls of amnesia
 q - 14 scrolls of identify
 w - 8 scrolls of fear
 A - 8 scrolls of remove curse
 K - 2 scrolls of holy word
 L - a scroll of brand weapon
 W - 7 scrolls of fog
Potions
 d - 6 potions of curing
 e - 9 potions of magic
 l - 3 potions of might
 r - 5 potions of ambrosia
 s - 5 potions of lignification
 z - 2 potions of flight
 C - 2 potions of cure mutation
 G - 5 potions of brilliance
 H - a potion of resistance
 I - 5 potions of cancellation
 V - 4 potions of agility
Miscellaneous
 o - a figurine of a ziggurat
 v - the horn of Geryon
Comestibles
 f - 19 bread rations
 g - 4 slices of pizza
 j - 4 chunks of flesh


   Skills:
 + Level 23.0(27) Fighting
 O Level 27 Long Blades
 + Level 20.0(25.0) Armour
 + Level 18.3(23.3) Dodging
 + Level 18.9(23.9) Shields
 - Level 22.4 Invocations
 - Level 17.2 Evocations


You had 26 spell levels left.
You didn't know any spells.

Dungeon Overview and Level Annotations

Branches:
Dungeon (15/15)            Temple (1/1) D:5            Lair (6/6) D:8
 Shoals (4/4) Lair:4       Spider (4/4) Lair:2        Slime (0/5) Lair:5
    Orc (2/2) D:12            Elf (3/3) Orc:2        Vaults (5/5) D:13
  Crypt (3/3) Vaults:3       Tomb (3/3) Crypt:3      Depths (5/5) D:15
   Hell (1/1)                 Dis (7/7) Hell            Geh (0/7) Hell
    Coc (0/7) Hell            Tar (0/7) Hell
    Zot: Depths:5

Altars:
Ashenzari
Cheibriados
Dithmenos
Elyvilon
Fedhas
Gozag
Hepliaklqana
Kikubaaqudgha
Makhleb
Nemelex Xobeh
Okawaru
Qazlal
Ru
Sif Muna
Trog
Uskayaw
Vehumet
Xom
Yredelemnul
Zin
The Shining One
Jiyva

Shops:
D:7 *?[   D:8 (   D:11 (   D:13 [   Orc:2 (*([[   Vaults:2 !   Vaults:3 %[*(}
Vaults:4 (   Vaults:5 :   Depths:1 =   Depths:2 :   Depths:5 }

Portals:
Hell: Depths:1 Depths:2 Depths:3 Depths:4 Depths:5
Abyss: Depths:1 Depths:4
Pandemonium: Depths:3 Depths:5
Ziggurat: Depths:4

Annotations:
Depths:5 1 exclusion


Innate Abilities, Weirdness & Mutations

You are under a permanent stasis effect.
You can dig through walls and to a lower floor.
Your four strong arms can wield two-handed weapons with a shield.
You have a pair of large antennae on your head. (SInv)
You are weak. (Str -2)


Message History

Press: ? - help, Shift-Dir - straight line, f - you You feel much better.
This wand has 2 charges left.
You block the reaper's attack. You block the iron imp's attack.
You block the iron giant's attack. The war gargoyle closely misses you.
You riposte.
You carve the war gargoyle like a ham!!!
You destroy the war gargoyle!
Okawaru accepts your kill. The iron giant barely misses you.
You riposte.
You cut the iron giant into ribbons!!!
The iron giant is severely wounded.
You block the iron imp's attack. You block the reaper's attack.
You block the iron giant's attack. You block the iron imp's attack.
The iron giant throws the reaper at you!
* * * LOW HITPOINT WARNING * * *
The iron giant throws the iron giant at you!
The reaper hits you but does no damage.
The iron giant hits you with a giant club!!
You die...

#.........#
#........#
#......#
#.))..#
##)..# #))C.#
##...# ##.5.#
#..@2#
###..C#
##.....#
##......#
###.......#
###.........#
#
#...........#
.. {
#...........#
..
#...........#


You could see 2 iron giants, a reaper and an iron imp.

Vanquished Creatures
  An ancient lich (WizLab)
  Khufu (Crypt:3)
  2 juggernauts
  Sojobo (Depths:4)
  Boris (Crypt:1)
  23 greater mummies
  Bai Suzhen (Depths:2)
  2 caustic shrikes
  Saint Roka (Crypt:1)
  Geryon (Hell)
  The ghost of PeterLawrence the Hoplite, a veteran MiFi of Okawaru (Vaults:5)
  3 golden dragons
  Nikola (Elf:3)
  A bone dragon (Crypt:3)
  Arachne (Spider:4)
  A profane servitor (Crypt:3)
  A Tzitzimitl (Dis:1)
  3 iron giants
  A Brimstone Fiend (Dis:2)
  A hellephant (Hell)
  Jorgrun (Spider:2)
  9 tentacled monstrosities
  2 Ice Fiends
  7 liches
  3 deep elf blademasters (Elf:3)
  6 titans
  2 Hell Sentinels (Dis:7)
  3 deep elf master archers (Elf:3)
  14 ancient champions
  Frances (Spider:2)
  3 krakens
  3 quicksilver dragons
  14 sphinxes
  A tentacled starspawn (Abyss:3)
  4 eldritch tentacles
  Kirke (D:11)
  2 storm dragons
  Roxanne (Spider:3)
  7 shadow dragons
  Gastronok (Lair:1)
  A daeva (Depths:4)
  Agnes (Spider:4)
  8 tengu reavers
  7 frost giants
  The ghost of Shenda the Basher, an adept VSFi of Okawaru (Spider:4)
  8 revenants
  Donald (Spider:2)
  Ilsuiw (Shoals:4)
  12 fire giants
  2 orc warlords
  2 cacodemons
  A draconian knight (Depths:5)
  8 iron dragons
  2 ghost moths (Spider:4)
  9 deep elf sorcerers
  7 emperor scorpions
  Louise (Shoals:1)
  Aizul (Spider:2)
  2 curse skulls
  4 ghouls
  3 balrugs
  4 deep elf elementalists
  12 vault wardens
  A juggernaut skeleton (Crypt:2)
  An angel (Depths:4)
  2 draconian callers (Depths:5)
  15 reapers
  13 ironheart preservers
  8 war gargoyles
  2 draconian annihilators (Depths:3)
  A caustic shrike skeleton (Depths:3)
  20 very ugly things
  27 stone giants
  8 entropy weavers
  10 vampire knights
  10 bennus
  A dire elephant (shapeshifter) (Vaults:4)
  A white draconian (Depths:5)
  A black draconian (Depths:5)
  9 deep elf annihilators
  12 deep elf demonologists
  2 red draconians (Depths:5)
  3 yellow draconians
  A green draconian (Depths:5)
  2 green deaths
  A spectral quicksilver dragon (Crypt:3)
  3 blizzard demons
  12 deep elf death magi
  12 spark wasps
  24 ettins
  A crystal guardian (Vaults:2)
  3 eidola
  7 fire dragons
  19 mummy priests
  6 merfolk javelineers (Shoals:4)
  A fire dragon (shapeshifter) (Depths:3)
  A minotaur (Lab)
  23 jiangshi
  8 merfolk impalers (Shoals:4)
  14 ogre magi
  19 yaktaur captains
  7 hydras
  A hydra (shapeshifter) (Depths:5)
  13 ice dragons
  7 rakshasas
  9 great orbs of eyes
  6 deep elf high priests
  28 vault guards
  A quicksilver dragon skeleton (Crypt:1)
  A ghost crab (Abyss:3)
  5 spriggan air magi
  8 large abominations
  4 merfolk avatars
  A satyr (Shoals:3)
  7 death knights
  4 merfolk aquamancers (Shoals:4)
  A catoblepas (Lair:6)
  5 tengu warriors
  37 dancing weapons
  13 centaur warriors
  2 titan zombies
  9 deep troll shamans
  2 alligator snapping turtles
  8 death yaks
  48 death scarabs
  10 deep troll earth magi
  A shock serpent (shapeshifter) (Depths:3)
  4 orc high priests
  5 spriggan berserkers
  A hellephant zombie (Crypt:2)
  4 thrashing horrors (Abyss:3)
  A hell hog (shapeshifter) (Vaults:5)
  13 vampire magi
  3 wretched stars (Abyss:3)
  5 soul eaters
  8 shadow wraiths
  25 deep elf knights
  12 iron trolls
  An iron golem (Hell)
  Nergalle (D:11)
  A sun demon (Hell)
  2 titan skeletons
  4 salamander mystics
  88 skeletal warriors
  3 golden dragon zombies
  18 small abominations
  9 hell knights
  11 flayed ghosts
  3 glowing orange brains
  28 deep trolls
  15 sea snakes
  8 wizards
  A spectral black draconian (Crypt:3)
  4 unseen horrors
  4 storm dragon skeletons
  A ghost moth zombie (Dis:1)
  A spark wasp zombie (Depths:3)
  A spectral anaconda (Crypt:3)
  3 starcursed masses (Abyss:3)
  A shambling mangrove (Abyss:3)
  A deep troll (shapeshifter) (Depths:3)
  4 hill giants
  An anaconda zombie (Crypt:2)
  6 shadow dragon zombies
  22 deep elf archers
  3 lindwurms
  4 anaconda skeletons
  16 ironbrand convokers
  2 wolf spider zombies
  23 harpies
  An iron dragon zombie (Dis:1)
  9 phantasmal warriors
  17 necromancers
  4 orc sorcerers
  11 orc knights
  48 ugly things
  66 deep elf magi
  23 orb spiders
  13 salamanders
  4 frost giant zombies
  44 wolf spiders
  2 stone giant zombies
  2 tengu skeletons
  37 slime creatures
  2 iron dragon skeletons
  11 manticores
  14 cyclopes
  16 fauns
  4 moths of wrath
  2 elephants (shapeshifter)
  2 ice statues (Hell)
  A worldbinder (Abyss:3)
  3 fire giant zombies
  3 fire giant skeletons
  3 stone giant skeletons
  A guardian serpent (shapeshifter) (Vaults:2)
  A centaur zombie (D:14)
  15 vault sentinels
  A shock serpent zombie (Hell)
  A dire elephant zombie (Dis:5)
  2 apocalypse crabs (Abyss:3)
  A frost giant skeleton (Crypt:2)
  25 rust devils
  4 elephants (Lair:6)
  A molten gargoyle (Hell)
  3 black mambas
  2 emperor scorpion zombies
  A gargoyle (Lab)
  7 torpor snails
  10 sirens
  4 water nymphs
  6 human zombies
  9 spiny frogs
  3 hellions
  A grey draconian zombie (Crypt:2)
  A spiny frog (shapeshifter) (Depths:3)
  A shock serpent skeleton (Crypt:1)
  21 freezing wraiths
  4 rime drakes (shapeshifter)
  A komodo dragon (shapeshifter) (Depths:3)
  18 demonic crawlers
  2 kobold demonologists (D:9)
  A rime drake (Lair:3)
  An anaconda simulacrum (Hell)
  A green draconian zombie (Dis:7)
  9 komodo dragons
  68 yaktaurs
  9 tormentors
  An efreet (D:14)
  6 ice devils
  7 tengu conjurers
  4 red devils
  5 ancient zymes (Abyss:3)
  8 trolls
  A harpy zombie (Dis:7)
  34 jumping spiders
  18 human skeletons
  A queen bee (shapeshifter) (Vaults:1)
  58 guardian mummies
  36 merfolk
  2 trolls (shapeshifter)
  2 hornets (shapeshifter)
  A tyrant leech (shapeshifter) (Vaults:5)
  A polar bear (shapeshifter) (Depths:3)
  6 meliai
  A jumping spider (shapeshifter) (Vaults:2)
  20 hornets
  4 fire dragon zombies
  3 tyrant leeches (Lair:6)
  A harpy skeleton (Tomb:1)
  20 two-headed ogres
  A bog body (Crypt:1)
  7 raiju (Abyss:3)
  13 snapping turtles
  9 wind drakes
  15 dream sheep
  2 ettin zombies
  21 hippogriffs
  5 hydra skeletons
  2 ice dragon zombies
  7 blink frogs
  2 frost giant simulacra
  2 ice dragon skeletons
  2 ynoxinuls
  83 flying skulls
  A human simulacrum (Vaults:4)
  9 shadows
  2 alligator skeletons
  A deep troll skeleton (Depths:1)
  A spriggan skeleton (Depths:1)
  17 water elementals
  8 air elementals
  27 ushabtiu
  A black mamba zombie (Tomb:1)
  42 tarantellas
  4 spriggans
  An ettin skeleton (Crypt:1)
  93 redbacks
  22 yaks
  A spriggan (shapeshifter) (Elf:2)
  20 wraiths
  6 vampires
  4 wyverns
  4 hogs
  2 fire dragon skeletons
  2 basilisks
  A fire bat (shapeshifter) (D:15)
  A fire bat (Abyss:3)
  14 fire elementals
  18 humans
  3 chaos spawn (Abyss:3)
  3 hill giant zombies (WizLab)
  A basilisk (shapeshifter) (Vaults:2)
  A catoblepas simulacrum (Crypt:2)
  3 vampire mosquitoes
  A neqoxec (Abyss:3)
  9 wargs
  15 hungry ghosts
  A naga (Abyss:3)
  A soldier ant (D:13)
  A swamp worm (shapeshifter) (Depths:3)
  A gelid demonspawn zombie (Crypt:1)
  2 hydra simulacra
  2 mottled dragons
  7 water moccasins
  Edmund (D:6)
  2 spiny frog zombies
  A soldier ant (shapeshifter) (Depths:3)
  33 hell hounds
  A floating eye (shapeshifter) (Vaults:5)
  2 elf zombies
  5 porcupines
  3 black bears
  7 ice beasts
  2 snapping turtle zombies (Dis:7)
  44 ogres
  51 orc warriors
  4 phantoms
  7 sky beasts
  A blink frog zombie (Crypt:1)
  2 ice dragon simulacra
  19 boggarts
  A black mamba simulacrum (Tomb:1)
  9 wolves
  10 necrophages
  A tengu (shapeshifter) (Depths:2)
  10 crocodiles
  An elf skeleton (Vaults:2)
  23 centaurs
  A komodo dragon zombie (Crypt:1)
  A snapping turtle skeleton (Crypt:1)
  2 big kobolds
  17 bullfrogs
  A gnoll sergeant (D:3)
  A deep troll simulacrum (Vaults:2)
  5 earth elementals
  A glowing shapeshifter simulacrum (Vaults:2)
  A komodo dragon skeleton (Crypt:1)
  A wyvern skeleton (D:9)
  A yaktaur skeleton (Crypt:2)
  11 troll zombies
  A scorpion (shapeshifter) (Vaults:5)
  2 scorpions
  25 wights
  5 electric eels
  3 howler monkeys
  A bullfrog zombie (D:11)
  9 crimson imps
  4 jellies
  39 orc priests
  3 bullfrog skeletons
  9 hounds
  3 gnoll shamans (D:3)
  35 orc wizards
  18 iron imps
  Crazy Yiuf (D:7)
  10 iguanas
  An iguana (shapeshifter) (Depths:3)
  12 worker ants
  A porcupine skeleton (Crypt:1)
  9 ogre zombies
  A dwarf zombie (Crypt:2)
  An ogre skeleton (Dis:1)
  A felid skeleton (Crypt:2)
  A hound zombie (D:6)
  3 hound skeletons
  51 mummies
  A howler monkey zombie (D:8)
  40 gnolls
  12 adders
  54 river rats
  3 shadow imps
  13 white imps
  An ufetubus (Abyss:3)
  An ooze (D:2)
  An adder skeleton (D:8)
  A halfling skeleton (Crypt:1)
  A worm (shapeshifter) (D:15)
  2 worms
  6 leopard geckos
  103 orcs
  2 giant cockroaches
  10 goblins
  7 hobgoblins
  22 jackals
  9 kobolds
  5 quokkas
  3 ball pythons
  11 bats
  6 frilled lizards
  A gnoll skeleton (Crypt:2)
  3 goblin skeletons (D:12)
  A goblin zombie (D:12)
  A hobgoblin skeleton (D:12)
  3 hobgoblin zombies (D:12)
  18 orc zombies
  A quokka skeleton (D:7)
  A quokka zombie (D:9)
  7 rats
  A bush (Shoals:4)
  5 crawling corpses (Elf:3)
  2 fungi (D:8)
  3 plants (Shoals:4)
  A starspawn tentacle (Abyss:3)
  5 tentacles
3384 creatures vanquished.

Vanquished Creatures (collateral kills)
  A large abomination (Vaults:5)
  A stone giant (Vaults:5)
  A vault guard (Vaults:5)
  A tengu zombie (Vaults:5)
  An ironbrand convoker (Vaults:5)
  A crawling corpse (Vaults:5)
6 creatures vanquished.

Vanquished Creatures (others)
  An eldritch tentacle (Tomb:3)
  A tengu reaver (Vaults:5)
  A frost giant (Vaults:5)
  A vault warden (Vaults:5)
  A stone giant (Tomb:2)
  9 death scarabs (Tomb:2)
  A harpy (shapeshifter) (D:14)
  An orc knight (Vaults:5)
  A fire giant zombie (Tomb:2)
  A guardian mummy (Tomb:2)
  A golden dragon simulacrum (Tomb:2)
  A two-headed ogre (shapeshifter) (Depths:3)
  A raiju (Abyss:3)
  11 flying skulls
  An ice dragon skeleton (Tomb:2)
  A human (D:12)
  An orc warrior (Crypt:1)
  A boggart (D:14)
  2 orc priests
  6 mummies
  A crawling corpse (Vaults:5)
  8 fungi
  A lurking horror (Abyss:3)
  78 plants
  A starspawn tentacle (Abyss:3)
  36 tentacles
169 creatures vanquished.

Grand Total: 3559 creatures vanquished

Notes
Turn   | Place    | Note
-------+----------+-------------------------------------------
     0 | D:1      | kae the Formicid Fighter began the quest for the Orb.
     0 | D:1      | Reached XP level 1. HP: 18/18 MP: 1/1
    74 | D:1      | Reached XP level 2. HP: 24/24 MP: 2/2
   534 | D:1      | Reached XP level 3. HP: 27/29 MP: 3/3
  1015 | D:2      | Reached XP level 4. HP: 36/37 MP: 4/4
  1058 | D:2      | Reached skill level 3 in Long Blades
  1885 | D:3      | Reached XP level 5. HP: 40/42 MP: 5/5
  1948 | D:3      | Reached skill level 5 in Shields
  1952 | D:3      | Reached skill level 4 in Long Blades
  2378 | D:3      | Reached XP level 6. HP: 48/48 MP: 6/6
  2892 | D:3      | Reached skill level 5 in Long Blades
  2920 | D:3      | Reached XP level 7. HP: 36/55 MP: 7/7
  3244 | D:3      | Reached skill level 5 in Fighting
  3675 | D:3      | Reached skill level 6 in Long Blades
  4184 | D:4      | Reached XP level 8. HP: 63/63 MP: 8/8
  4668 | D:4      | Reached skill level 7 in Long Blades
  4948 | D:5      | Entered Level 5 of the Dungeon
  4954 | D:5      | Found a hazy altar of Hepliaklqana.
  5342 | D:5      | Reached XP level 9. HP: 71/71 MP: 9/9
  5415 | D:5      | Found a staircase to the Ecumenical Temple.
  5487 | D:5      | Found a shimmering altar of Xom.
  5604 | Temple   | Entered the Ecumenical Temple
  5714 | Temple   | Became a worshipper of Warmaster Okawaru
  5829 | D:5      | Reached skill level 8 in Long Blades
  6102 | D:6      | Reached skill level 1 in Invocations
  6425 | D:6      | Reached * piety under Okawaru
  6785 | D:6      | Noticed Edmund
  6795 | D:6      | Killed Edmund
  6961 | D:7      | Reached skill level 9 in Long Blades
  7025 | D:7      | Found Cimoaq's Assorted Antiques.
  7218 | D:7      | Found Wipp's Magic Scroll Shop.
  7227 | D:7      | Bought a scroll of identify for 30 gold pieces
  7227 | D:7      | Bought a scroll of identify for 30 gold pieces
  7227 | D:7      | Bought a scroll of identify for 30 gold pieces
  7227 | D:7      | Bought a scroll of identify for 30 gold pieces
  7227 | D:7      | Bought a scroll of identify for 30 gold pieces
  7246 | D:7      | Reached XP level 10. HP: 71/79 MP: 12/12
  7383 | D:7      | Reached ** piety under Okawaru
  7537 | D:7      | Found Maculeh's Antique Armour Shop.
  7748 | D:7      | Found a runed door.
  7752 | D:7      | Noticed Crazy Yiuf
  7758 | D:7      | Killed Crazy Yiuf
  8016 | D:8      | Found Mitedas's Weapon Shop.
  8572 | D:8      | Found a staircase to the Lair.
  9515 | D:8      | Reached skill level 10 in Long Blades
  9749 | D:9      | Noticed a kobold demonologist
  9796 | D:9      | Killed a kobold demonologist
  9796 | D:9      | Reached *** piety under Okawaru
  9796 | D:9      | Reached skill level 5 in Invocations
 10497 | D:9      | Noticed a kobold demonologist
 11257 | D:9      | Reached **** piety under Okawaru
 11257 | D:9      | Reached XP level 11. HP: 73/87 MP: 15/15
 11321 | D:10     | Entered Level 10 of the Dungeon
 11430 | D:10     | You fall through a shaft for 3 floors!
 11488 | D:13     | Noticed a cyclops
 11489 | D:12     | Found a staircase to the Orcish Mines.
 11751 | D:11     | Noticed an orc knight
 11799 | D:11     | Killed an orc knight
 11799 | D:11     | Reached skill level 11 in Long Blades
 11970 | D:10     | Reached skill level 10 in Shields
 12710 | D:11     | Noticed Nergalle
 12731 | D:11     | Killed Nergalle
 12759 | D:11     | Noticed a hill giant
 12778 | D:11     | Killed a hill giant
 12812 | D:11     | Noticed a six-headed hydra
 13018 | D:11     | Reached ***** piety under Okawaru
 13091 | D:11     | Noticed a purple ugly thing
 13112 | D:11     | Killed a purple ugly thing
 13112 | D:11     | Received a gift from Okawaru
 13113 | D:11     | Got a pair of smoking gloves {god gift}
 13119 | D:11     | Identified the +2 pair of gloves of Tucka {Str+2} (Okawaru gifted it to you on level 11 of the Dungeon)
 13199 | D:11     | Reached skill level 12 in Long Blades
 13241 | D:11     | Noticed an eight-headed hydra
 13242 | D:11     | Found Botan's Weapon Emporium.
 13248 | D:11     | Killed a 12-headed hydra
 13248 | D:11     | Reached XP level 12. HP: 70/97 MP: 17/17
 13710 | D:12     | Noticed Kirke
 13774 | D:11     | Killed a one-headed hydra
 13774 | D:11     | Reached skill level 10 in Fighting
 13821 | D:12     | Noticed a sphinx
 13849 | D:11     | Killed Kirke
 14268 | D:12     | Reached skill level 13 in Long Blades
 14589 | D:12     | Noticed an unseen horror
 14598 | D:12     | Killed an unseen horror
 14609 | D:12     | Received a gift from Okawaru
 15016 | D:12     | Reached XP level 13. HP: 104/104 MP: 19/19
 15321 | Lair:1   | Entered Level 1 of the Lair of Beasts
 15511 | Lair:1   | Noticed Gastronok
 15538 | Lair:1   | Killed Gastronok
 15789 | Lair:1   | Identified a scroll of acquirement
 16231 | Lair:2   | Found a hole to the Spider Nest.
 17111 | Lair:3   | You fall through a shaft for 2 floors!
 17565 | Lair:4   | Noticed a seven-headed hydra
 17579 | Lair:4   | Killed a one-headed hydra
 17595 | Lair:4   | Reached skill level 14 in Long Blades
 17595 | Lair:4   | Reached skill level 5 in Armour
 17605 | Lair:4   | Reached skill level 10 in Invocations
 18716 | Lair:3   | Reached ****** piety under Okawaru
 19073 | Lair:4   | Received a gift from Okawaru
 19134 | Lair:4   | Found a staircase to the Shoals.
 19593 | Lair:5   | Found a viscous altar of Jiyva.
 19593 | Lair:5   | Found a staircase to the Slime Pits.
 19603 | Lair:5   | Reached XP level 14. HP: 111/114 MP: 21/21
 19847 | Lair:5   | You fall through a shaft!
 19847 | Lair:6   | Entered Level 6 of the Lair of Beasts
 20416 | Lair:6   | Received a gift from Okawaru
 20763 | Lair:6   | Reached skill level 15 in Long Blades
 21293 | Lair:6   | Found a runed door.
 22416 | Orc:1    | Entered Level 1 of the Orcish Mines
 22564 | Orc:2    | Entered Level 2 of the Orcish Mines
 22677 | Orc:2    | Found a staircase to the Elven Halls.
 22757 | Orc:2    | Found Wuridghehupt's Weapon Shoppe.
 23006 | Orc:2    | Noticed an orc warlord
 23737 | Orc:2    | Received a gift from Okawaru
 23737 | Orc:2    | Reached XP level 15. HP: 83/120 MP: 22/22
 24172 | Orc:2    | Reached skill level 16 in Long Blades
 24213 | Orc:1    | Killed an orc warlord
 24440 | Orc:2    | Received a gift from Okawaru
 24610 | Orc:2    | Found Ywenyton's General Store.
 24610 | Orc:2    | Found Ypseufebb's Antique Armour Emporium.
 24611 | Orc:2    | Found Yngey's Armour Emporium.
 24614 | Orc:2    | Found Giemebio's Weapon Shoppe.
 24648 | Orc:2    | Bought a +1 pair of boots of flying for 247 gold pieces
 26376 | D:13     | Found Ulez's Armour Shop.
 26381 | D:13     | Bought a +2 cloak of poison resistance for 259 gold pieces
 26798 | D:13     | Found a gate to the Vaults.
 26930 | D:14     | Received a gift from Okawaru
 27414 | D:14     | Reached skill level 17 in Long Blades
 27644 | D:14     | Reached skill level 10 in Armour
 27644 | D:14     | Reached skill level 15 in Shields
 28037 | D:14     | Reached XP level 16. HP: 124/127 MP: 17/23
 28193 | D:15     | Entered Level 15 of the Dungeon
 28257 | D:15     | Found a frozen archway.
 28311 | D:15     | Found a labyrinth entrance.
 28321 | Lab      | Entered a labyrinth
 28909 | Lab      | Got a pitted pewter ring
 28916 | Lab      | Identified Noeweos's Collected Works on Unstable Moulding
 29455 | D:15     | Found a shimmering altar of Xom.
 29456 | D:15     | Found a shimmering altar of Xom.
 29500 | D:15     | Found a staircase to the Depths.
 29505 | D:15     | Received a gift from Okawaru
 29737 | D:15     | Found a shimmering altar of Xom.
 29737 | D:15     | Found a shimmering altar of Xom.
 29741 | D:15     | Found a shimmering altar of Xom.
 29773 | D:14     | Identified the ring of the Raven {rF+ Int+7} (You took it off a minotaur in a labyrinth)
 30088 | Spider:1 | Entered Level 1 of the Spider Nest
 30478 | Spider:1 | Reached skill level 18 in Long Blades
 30534 | Spider:1 | Noticed Aizul
 30544 | Spider:1 | You are sucked into a shaft!
 31458 | Spider:2 | Noticed Jorgrun
 31460 | Spider:2 | Received a gift from Okawaru
 31594 | Spider:2 | Killed Jorgrun
 31642 | Spider:2 | Reached XP level 17. HP: 98/133 MP: 24/24
 31684 | Spider:2 | Noticed Frances
 32477 | Spider:2 | Noticed Donald
 32561 | Spider:2 | Killed Aizul
 32858 | Spider:2 | Killed Donald
 33146 | Spider:2 | Killed Frances
 33146 | Spider:2 | Received a gift from Okawaru
 33748 | Spider:3 | Reached skill level 19 in Long Blades
 33895 | Spider:3 | Noticed Roxanne
 34165 | Spider:3 | Received a gift from Okawaru
 34795 | Spider:3 | Killed Roxanne
 34796 | Spider:3 | Identified Roxanne's Reference Book on the Mountains (You took it off Roxanne on level 3 of the Spider Nest)
 35009 | Spider:4 | Entered Level 4 of the Spider Nest
 35020 | Spider:4 | Noticed Arachne
 35359 | Spider:4 | Noticed Shenda's ghost (adept VSFi)
 35453 | Spider:4 | Killed Shenda's ghost
 35453 | Spider:4 | Received a gift from Okawaru
 35453 | Spider:4 | Reached XP level 18. HP: 61/139 MP: 23/25
 35742 | Spider:4 | Got a jewelled pearl dragon armour {god gift}
 35743 | Spider:4 | Identified the +13 pearl dragon armour "Fisas" {*Corrode rN+ Regen+ Int+2} (Okawaru gifted it to you on level 4 of the Spider Nest)
 35794 | Spider:4 | Killed Arachne
 36171 | Spider:4 | Reached skill level 20 in Long Blades
 36299 | Spider:4 | Noticed Agnes
 36304 | Spider:4 | Killed Agnes
 36990 | Spider:4 | Got a gossamer rune of Zot
 37294 | Shoals:1 | Entered Level 1 of the Shoals
 37330 | Shoals:1 | Found a runed door.
 37432 | Shoals:1 | Received a gift from Okawaru
 37630 | Shoals:1 | Reached XP level 19. HP: 133/145 MP: 26/26
 37663 | Shoals:1 | Noticed Louise
 37688 | Shoals:1 | Killed Louise
 37828 | Shoals:1 | Reached skill level 21 in Long Blades
 39251 | Shoals:3 | Reached skill level 15 in Armour
 39517 | Shoals:3 | Received a gift from Okawaru
 40016 | Shoals:4 | Entered Level 4 of the Shoals
 40639 | Shoals:4 | Noticed Ilsuiw
 40683 | Shoals:4 | Killed Ilsuiw
 40683 | Shoals:4 | Reached skill level 22 in Long Blades
 41215 | Shoals:4 | Reached XP level 20. HP: 152/152 MP: 20/27
 41254 | Shoals:4 | Got a barnacled rune of Zot
 41949 | D:7      | Bought a pair of distressingly furry gloves for 285 gold pieces
 41959 | D:7      | Identified the +2 pair of gloves of the Land of Plenty {rElec rC+} (You bought it in a shop on level 7 of the Dungeon)
 42124 | Elf:1    | Entered Level 1 of the Elven Halls
 42254 | Elf:1    | Received a gift from Okawaru
 42482 | Elf:1    | Received a gift from Okawaru
 43272 | Elf:2    | Reached skill level 23 in Long Blades
 43302 | Elf:2    | Found a runed gate.
 43309 | Elf:2    | Found a runed gate.
 43309 | Elf:2    | Found a runed gate.
 43877 | Elf:2    | Reached XP level 21. HP: 154/158 MP: 19/28
 43943 | Elf:2    | Received a gift from Okawaru
 44359 | Elf:3    | Entered Level 3 of the Elven Halls
 44422 | Elf:3    | Found a magical portal.
 44428 | WizLab   | Entered Zonguldrok's Shrine
 44862 | WizLab   | Noticed an antique lich
 44874 | WizLab   | Killed an antique lich
 45314 | Elf:3    | Reached skill level 24 in Long Blades
 45341 | Elf:3    | Noticed Nikola
 45366 | Elf:3    | Killed Nikola
 45806 | Elf:3    | Received a gift from Okawaru
 45868 | Elf:3    | Reached XP level 22. HP: 163/165 MP: 29/29
 46021 | Elf:3    | Identified Casting in Simple Steps
 46461 | Vaults:1 | Entered Level 1 of the Vaults
 46625 | Vaults:1 | Received a gift from Okawaru
 46625 | Vaults:1 | Reached skill level 1 in Dodging
 47108 | Vaults:1 | Reached skill level 25 in Long Blades
 47809 | Vaults:2 | Received a gift from Okawaru
 48192 | Vaults:2 | Reached XP level 23. HP: 48/173 MP: 27/31
 48492 | Vaults:2 | Found Adev's Distillery.
 48513 | Vaults:2 | Received a gift from Okawaru
 48583 | Vaults:2 | Bought a potion of heal wounds for 115 gold pieces
 49387 | Vaults:3 | Reached skill level 5 in Dodging
 49444 | Vaults:3 | Received a gift from Okawaru
 49555 | Vaults:3 | Found a staircase to the Crypt.
 49661 | Vaults:3 | Found Ager's Gadget Shoppe.
 49750 | Vaults:3 | Found Ykkuucoa's Antique Weapon Boutique.
 49856 | Vaults:3 | Found Follec's Antique Armour Shoppe.
 49879 | Vaults:3 | Bought a pair of glowing boots for 139 gold pieces
 49949 | Vaults:3 | Found Malet's Food Emporium.
 50114 | Vaults:3 | Found a basalt altar of Yredelemnul.
 50231 | Vaults:3 | Found Gafudali's General Store.
 50587 | D:12     | Received a gift from Okawaru
 50947 | Vaults:4 | Reached skill level 26 in Long Blades
 50972 | Vaults:4 | Reached XP level 24. HP: 131/183 MP: 32/32
 51260 | Vaults:4 | Received a gift from Okawaru
 51695 | Vaults:4 | Found Gaunits's Antique Weapon Shoppe.
 52172 | Vaults:5 | Entered Level 5 of the Vaults
 52300 | Vaults:5 | Received a gift from Okawaru
 52525 | Vaults:5 | Noticed PeterLawrence's ghost (veteran MiFi)
 52600 | Vaults:5 | Killed PeterLawrence's ghost
 53175 | Vaults:5 | Reached XP level 25. HP: 192/192 MP: 33/33
 53211 | Vaults:5 | Found Femoteur's Book Shop.
 53222 | Vaults:5 | Got a silver rune of Zot
 53398 | Vaults:5 | Received a gift from Okawaru
 54236 | Vaults:5 | Identified a +2 pair of boots of running (You found it on level 5 of the Vaults)
 54449 | Depths:1 | Entered Level 1 of the Depths
 54460 | Depths:1 | Found a gateway to Hell.
 54563 | Depths:1 | Reached skill level 15 in Fighting
 54621 | Depths:1 | Found Qier's Jewellery Shop.
 54649 | Depths:1 | Reached skill level 27 in Long Blades
 54663 | Depths:1 | Found a snail-covered altar of Cheibriados.
 55421 | Depths:1 | Reached skill level 15 in Invocations
 55768 | Depths:1 | Reached skill level 1 in Evocations
 55775 | Depths:1 | Received a gift from Okawaru
 55871 | Depths:1 | Found a one-way gate to the infinite horrors of the Abyss.
 56098 | Depths:1 | Reached skill level 10 in Dodging
 56388 | Depths:2 | Noticed Bai Suzhen
 56466 | Depths:2 | Killed Bai Suzhen
 56490 | Depths:2 | Reached XP level 26. HP: 203/203 MP: 34/34
 57158 | Depths:2 | Reached skill level 5 in Evocations
 57190 | Depths:2 | Received a gift from Okawaru
 57481 | Depths:2 | Found Gofin's Book Emporium.
 57594 | Depths:2 | Noticed a juggernaut
 57613 | Depths:2 | Killed a juggernaut
 58098 | Depths:3 | Received a gift from Okawaru
 58267 | Depths:3 | Found a one-way gate leading to the halls of Pandemonium.
 58487 | Depths:3 | Reached XP level 27. HP: 213/213 MP: 35/35
 59158 | Depths:4 | Found a gateway to a ziggurat.
 59217 | Depths:4 | Noticed Sojobo
 59232 | Depths:4 | Killed Sojobo
 59243 | Depths:4 | Received a gift from Okawaru
 59255 | Depths:4 | Reached skill level 10 in Evocations
 59698 | Depths:4 | Received a gift from Okawaru
 59776 | Depths:4 | Noticed a juggernaut
 59795 | Depths:4 | Killed a juggernaut
 59826 | Depths:4 | Gained mutation: You are weak. (Str -2) [a cacodemon]
 59830 | Depths:4 | Gained mutation: You are clumsy. (Dex -2) [a cacodemon]
 60427 | Depths:4 | Got an ancient zirconium amulet
 60646 | Depths:4 | Received a gift from Okawaru
 60952 | Depths:4 | Identified the amulet "Tiloyg" {rElec rC+ Regen+ Slay+4} (You took it off a fire giant on level 4 of the Depths)
 61504 | Depths:5 | Entered Level 5 of the Depths
 61854 | Depths:5 | Found Jizufeg's Gadget Shop.
 62699 | Depths:5 | Received a gift from Okawaru
 63077 | Crypt:1  | Entered Level 1 of the Crypt
 63477 | Crypt:1  | Noticed Saint Roka
 63515 | Crypt:1  | Killed Saint Roka
 63519 | Crypt:1  | Noticed Boris
 63543 | Crypt:1  | Killed Boris
 63725 | Crypt:1  | Found a basalt altar of Yredelemnul.
 64001 | Crypt:2  | Received a gift from Okawaru
 64316 | Crypt:2  | Found an ancient bone altar of Kikubaaqudgha.
 64853 | Crypt:3  | Entered Level 3 of the Crypt
 65176 | Crypt:3  | Found a basalt altar of Yredelemnul.
 65589 | Crypt:3  | Found a staircase to the Tomb.
 65589 | Crypt:3  | Noticed Khufu
 65603 | Crypt:3  | Killed Khufu
 65603 | Crypt:3  | Received a gift from Okawaru
 65609 | Crypt:3  | Got a steaming shield {god gift}
 65610 | Crypt:3  | Identified the +0 shield of the Gravedigger {Int+2} (Okawaru gifted it to you on level 3 of the Crypt)
 65971 | Tomb:1   | Entered Level 1 of the Tomb of the Ancients
 66128 | Tomb:1   | Reached skill level 15 in Dodging
 66556 | Tomb:1   | Got a warped jade ring
 66557 | Tomb:1   | Identified the ring of Qodidas {Wiz Str+4 Dex+6} (You acquired it on level 1 of the Tomb of the Ancients)
 66587 | Tomb:1   | Noticed a greater mummy
 66587 | Tomb:1   | Noticed a greater mummy
 66649 | Tomb:1   | Killed a greater mummy
 66660 | Tomb:1   | Killed a greater mummy
 67332 | Tomb:1   | Received a gift from Okawaru
 67335 | Tomb:1   | Got a translucent great sword {god gift}
 67336 | Tomb:1   | Identified the +8 great sword of Qiywesi {slice, rF+} (Okawaru gifted it to you on level 1 of the Tomb of the Ancients)
 67546 | Tomb:2   | Noticed a greater mummy
 67547 | Tomb:2   | Noticed a greater mummy
 67549 | Tomb:2   | Noticed a greater mummy
 67569 | Tomb:2   | Noticed a greater mummy
 67614 | Tomb:1   | Killed a greater mummy
 67614 | Tomb:1   | Reached skill level 15 in Evocations
 67671 | Tomb:1   | Killed a greater mummy
 68245 | Tomb:1   | Killed a greater mummy
 68935 | Tomb:1   | Killed a greater mummy
 69933 | Tomb:1   | Noticed a greater mummy
 69935 | Tomb:1   | Noticed a greater mummy
 69942 | Tomb:1   | Killed a greater mummy
 69942 | Tomb:1   | Received a gift from Okawaru
 69946 | Tomb:1   | Noticed a greater mummy
 69950 | Tomb:1   | Killed a greater mummy
 70275 | Tomb:1   | Killed a greater mummy
 70316 | Tomb:1   | Noticed a greater mummy
 70704 | Tomb:1   | Killed a greater mummy
 70874 | Tomb:1   | Noticed a greater mummy
 70891 | Tomb:1   | Killed a greater mummy
 70934 | Tomb:1   | Noticed a greater mummy
 70961 | Tomb:1   | Killed a greater mummy
 70985 | Tomb:1   | Noticed a greater mummy
 71003 | Tomb:1   | Killed a greater mummy
 71079 | Tomb:1   | Noticed a greater mummy
 71099 | Tomb:1   | Killed a greater mummy
 71656 | Tomb:2   | Received a gift from Okawaru
 71970 | Tomb:2   | Got a slimy shield {god gift}
 71971 | Tomb:2   | Identified the +4 shield of Broken Taboos {Str+3 Stlth+} (Okawaru gifted it to you on level 2 of the Tomb of the Ancients)
 72039 | Tomb:3   | Entered Level 3 of the Tomb of the Ancients
 72058 | Tomb:3   | Noticed a greater mummy
 72086 | Tomb:2   | HP: 10/221 [poisoned by an ushabti (dark miasma)]
 72405 | Tomb:3   | Noticed a greater mummy
 72406 | Tomb:3   | Noticed a greater mummy
 72515 | Tomb:3   | Noticed a greater mummy
 72527 | Tomb:2   | Killed a greater mummy
 72585 | Tomb:2   | Killed a greater mummy
 72592 | Tomb:2   | HP: 10/214 [ushabti/vile air (1)]
 72593 | Tomb:2   | HP: 1/221 [ushabti] (9)]
 72602 | Tomb:2   | Killed a greater mummy
 73176 | Tomb:2   | Killed a greater mummy
 73208 | Tomb:3   | Noticed a greater mummy
 73473 | Tomb:3   | Killed a greater mummy
 73494 | Tomb:3   | Got a coiled tin ring
 73506 | Tomb:3   | Identified the ring "Voteluoh" {+Blink MP+9 Dex+4} (You took it off a greater mummy on level 3 of the Tomb of the Ancients)
 73526 | Tomb:3   | Noticed a greater mummy
 73528 | Tomb:3   | Noticed a greater mummy
 73669 | Tomb:3   | Noticed a greater mummy
 73864 | Tomb:3   | Killed a greater mummy
 74172 | Tomb:3   | Killed a greater mummy
 74172 | Tomb:3   | Received a gift from Okawaru
 74327 | Tomb:3   | Killed a greater mummy
 74598 | Tomb:3   | Noticed a greater mummy
 74899 | Tomb:3   | Killed a greater mummy
 75168 | Tomb:3   | Got a sparkling brass ring
 75170 | Tomb:3   | Got a coiled jade ring
 75172 | Tomb:3   | Identified the Incunabulum of Toxins and the Frostbite
 75218 | Tomb:3   | Identified the ring "Kapaolibi" {+Blink +Fly EV+2 SInv} (You found it on level 3 of the Tomb of the Ancients)
 75219 | Tomb:3   | Identified the cursed ring of Elyvilon's Pride {rElec Str+6 Int-3 Slay-2} (You found it on level 3 of the Tomb of the Ancients)
 75640 | Tomb:3   | Got a golden rune of Zot
 76660 | Lair:1   | Lost mutation: You are weak. (Str -2) [potion of cure mutation]
 76660 | Lair:1   | Lost mutation: You are clumsy. (Dex -2) [potion of cure mutation]
 76850 | Depths:1 | Voluntarily entered the Abyss.
 76862 | Abyss:1  | Found a corrupted altar of Lugonu.
 76940 | Abyss:3  | Found a corrupted altar of Lugonu.
 76952 | Abyss:3  | Found a corrupted altar of Lugonu.
 77602 | Abyss:3  | Gained mutation: You are weak. (Str -2) [a neqoxec]
 77694 | Abyss:3  | Got an abyssal rune of Zot
 77708 | Depths:1 | Escaped the Abyss
 77774 | Hell     | Entered the Vestibule of Hell
 77774 | Hell     | Noticed Geryon
 77796 | Hell     | Received a gift from Okawaru
 77832 | Hell     | Killed Geryon
 78005 | Hell     | Found a gateway to the decaying netherworld of Tartarus.
 78139 | Hell     | Received a gift from Okawaru
 78268 | Hell     | Found a gateway to the Iron City of Dis.
 78334 | Hell     | Found a gateway to the ashen valley of Gehenna.
 78431 | Hell     | Found a gateway to the freezing wastes of Cocytus.
 78586 | Dis:1    | Entered Level 1 of the Iron City of Dis
 80620 | Dis:6    | Received a gift from Okawaru
 81023 | Dis:7    | Entered Level 7 of the Iron City of Dis
 81511 | Dis:7    | Received a gift from Okawaru
 81542 | Dis:7    | Mangled by an iron giant

Vault maps used:
D:1:      sevenhm_arrival_forest_fort_large_3
D:2:      serial_park_tiny_pond
D:3:      lemuel_castle_with_subvaults, serial_curves, eino_curves_04,
          eino_curves_03
D:4:      first_bread
D:5:      hangedman_feature_mirror
D:6:      uniq_edmund
D:7:      serial_shops, nicolae_shop_overgrown_old_shop, shop, shop_statue,
          uniq_crazy_yiuf_cottage
D:8:      dpeg_oklobed_lair, serial_shops, shop
D:9:      nicolae_whirlpool
D:10:     hangedman_fish_farm
D:11:     serial_shops, shop, uniq_nergalle
D:12:     zombieorc2_lemuel, uniq_kirke
D:13:     grunt_vaults_entry_tiered, serial_shops, kennysheep_little_box,
          serial_park_tiny_1, minmay_lizard_king
D:14:     minmay_misc_feat_hallway, minivault_24, minivault_12
D:15:     grunt_enter_depths_snipers, portal_ice_cave_entry_imps,
          lab_entry_generic, minmay_misc_feat_plants, xom_shifter_show
Temple:   kilobyte_greek_temple
Lair:1:   lemuel_another_geyser, uniq_gastronok
Lair:2:   dummy_spider_entry
Lair:3:   grunt_forest_large_clearings
Lair:4:   elwin_shoals_entry_stream, lemuel_fruit_fields, grunt_megastairs_2
Lair:5:   slime_altar_1
Lair:6:   wormcave
Shoals:1: lightli_airlock, uniq_louise
Shoals:2: nicolae_shoals_so_close
Shoals:4: shoals_end_simple, shoals_ilsuiw_alternative, yaktaur_hedge
Spider:1: uniq_aizul
Spider:2: spider_trap, uniq_frances, uniq_jorgrun, uniq_donald
Spider:3: uniq_roxanne
Spider:4: grunt_spider_rune_circles, uniq_arachne, uniq_agnes
Orc:2:    st_orc_mages, serial_shops, shop
Elf:1:    eino_elf_arrival_the_gate, hangedman_elven_crosses_minicolossus
Elf:2:    dk_noncrumbling_4
Elf:3:    minmay_elf_hall_furrowed, mu_enter_wizlab_4, minmay_crystal_room,
          grunt_ministairs_11, uniq_nikola
Vaults:1: ontoclasm_vaults_fault, v_misc_13, v_rooms_1, vaults_room_hallway,
          grunt_vaults_twisty, dpeg_vaults_monster_row, v_misc_10,
          vaults_room_semicircle, hangedman_vaults_stream,
          hangedman_vaults_capsules
Vaults:2: ontoclasm_vaults_eye, vaults_room_boxed, v_pattern_2, v_rooms_5,
          hangedman_vaults_snaps, st_quartered_hall, vaults_room_hallway,
          vaults_room_pool, nicolae_vaults_yaktaur_gun_rack,
          vaults_room_octagon, vaults_room_pool, nicolae_vaults_angled_halls,
          serial_shops, nicolae_shop_crystal
Vaults:3: nicolae_vaults_big_angled_halls, st_octagons_1, vaults_room_fours,
          hangedman_vaults_nails, ontoclasm_vaults_spin, dummy_crypt_entry,
          basic_altar, serial_shops, shop, nicolae_shop_trees, shop, shop,
          nicolae_shop_temple_entry_statues_fountains
Vaults:4: vaults_mumra_chevron, vaults_room_glass_cross,
          nicolae_vaults_little_squares_1, v_misc_14,
          nicolae_vaults_little_squares_4, grunt_vaults_diagonal,
          nicolae_vaults_big_ls, v_misc_14, grunt_vaults_hallway_short,
          hangedman_vaults_variations, v_misc_30, vaults_mumra_lcd,
          serial_shops, shop
Crypt:1:  basic_altar, grunt_crypt_arrival_guarded_gate, uniq_saint_roka,
          uniq_boris
Crypt:2:  basic_altar, hex_tiny
Crypt:3:  grunt_crypt_end_deaths_head
Tomb:3:   uniq_khufu
Depths:1: serial_shops, kennysheep_mini_moat, hell_entry, lemuel_crystal_altar,
          hangedman_abyss_entry_splay, kennysheep_big_empty_room,
          minmay_misc_feat_ornament, hangedman_decor_growths,
          hangedman_corner_corridor
Depths:2: giant_chief_lemuel, grunt_hell_entry_dis_old, serial_shops,
          nicolae_shop_behind_doors, kennysheep_cluttered_room,
          infiniplex_staircase_zigzag_5, serial_bayou_shore_a, uniq_bai_suzhen
Depths:3: hangedman_pleasuredromes, pan_entry, hell_entry
Depths:4: kennysheep_large_vault, enter_ziggurat_d, minmay_misc_feat_pillars,
          hangedman_tar_grid_catacomb, abyss_entry_small_statue_room,
          infiniplex_staircase_spiral, firewood_loft, serial_bayou_shore_b,
          uniq_sojobo
Depths:5: grunt_zot_entry_funnels, serial_bayou_lagoon_a, pan_entry,
          hangedman_geh_valley, serial_shops, shop, grunt_decor_one_mirror
Dis:5:    grunt_megastairs_4
Dis:7:    iron_city_of_dis
Abyss:3:  evilmike_abyss_exit_plants
Lab:      labyrinth_watery, nicolae_lab_grate_2, nicolae_lab_blocks,
          labyrinth_skeletal_remains, nicolae_lab_garden
WizLab:   wizlab_zonguldrok

Skill      XL: |  1  2  3  4  5  6  7  8  9 10 11 12 13 14 15 16 17 18 19 20 21 22 23 24 25 26 27 |
---------------+----------------------------------------------------------------------------------+-----
Shields        | 4 5 6 7 8 9 11 12 14 15 16 17 18 | 18.9
Long Blades    | 3 4 5 6 7 9 10 12 13 14 15 17 18 19 20 22 23 24 25 26 27 | 27.0
Fighting       | 4 5 6 7 8 9 10 11 12 13 14 15 16 23 | 23.0
Invocations    | 3 5 7 9 10 11 12 14 15 16 22 | 22.4
Armour         | 5 8 10 11 13 14 15 16 18 20 | 20.0
Dodging        | 3 6 8 10 11 18 | 18.3
Evocations     | 3 8 17 | 17.2

Action                   |  1- 3 |  4- 6 |  7- 9 | 10-12 | 13-15 | 16-18 | 19-21 | 22-24 | 25-27 || total
-------------------------+-------+-------+-------+-------+-------+-------+-------+-------+-------++-------
Melee: Long sword        |   106 |    46 |       |       |       |       |       |       |       ||   152
       Falchion          |       |   117 |   384 |  1023 |   125 |     4 |       |       |       ||  1653
       Triple sword      |       |       |       |       |  1273 |  1398 |  1484 |  1585 |  3951 ||  9691
       Double sword      |       |       |       |       |       |       |       |     2 |       ||     2
       Eudemon blade     |       |       |       |       |       |       |       |       |   703 ||   703
Invok: Heroism           |       |       |       |     3 |    12 |    17 |    18 |    16 |    54 ||   120
       Finesse           |       |       |       |     1 |     3 |     2 |     2 |     5 |    10 ||    23
 Abil: Dig               |       |     4 |     2 |    16 |    17 |    50 |     7 |    18 |    32 ||   146
       Shaft Self        |       |       |       |     1 |     1 |     1 |       |       |       ||     3
Evoke: Wand              |       |       |       |       |     1 |     6 |     2 |     1 |    14 ||    24
  Use: Scroll            |     2 |       |    12 |     8 |    15 |    14 |    10 |    13 |    40 ||   114
       Potion            |       |     1 |       |     5 |     3 |     4 |     2 |    14 |    16 ||    45
 Stab: Paralysed         |       |       |       |     6 |       |       |       |       |     1 ||     7
       Distracted        |       |       |       |     1 |       |       |       |     2 |     1 ||     4
       Petrifying        |       |       |       |       |     1 |       |       |       |     1 ||     2
       Invisible         |       |       |       |       |       |       |       |     1 |       ||     1
  Eat: Chunk             |       |     7 |    15 |    29 |    42 |    26 |    18 |    22 |    41 ||   200
       Pizza             |       |       |       |     2 |       |     2 |       |       |     5 ||     9
       Fruit             |       |       |       |     1 |     3 |     2 |     1 |       |     3 ||    10
       Royal jelly       |       |       |       |       |     2 |       |     1 |       |     1 ||     4
       Bread ration      |       |       |       |       |       |     2 |     2 |     1 |     9 ||    14
Armor: Scale mail        |    71 |       |       |       |       |       |       |       |       ||    71
       Ring mail         |       |    44 |    68 |    20 |       |       |       |       |       ||   132
       Plate armour      |       |       |       |   146 |   212 |       |       |       |       ||   358
       Skin              |       |       |       |     1 |       |     8 |       |       |       ||     9
       Crystal plate arm |       |       |       |       |   310 |   555 |       |       |       ||   865
       Pearl dragon armo |       |       |       |       |       |   159 |   589 |   493 |  1087 ||  2328
Dodge: Dodged            |    46 |    51 |   106 |   100 |   199 |   271 |   311 |   367 |  1260 ||  2711
Block: Shield            |    76 |    84 |   138 |       |       |       |       |       |       ||   298
       Large shield      |       |       |    44 |   752 |  1549 |  1717 |  1659 |  1718 |  4590 || 12029
       Rpst.: Long sword |    12 |     5 |       |       |       |       |       |       |       ||    17
       Falchion          |       |    14 |    34 |    27 |       |       |       |       |       ||    75
       Triple sword      |       |       |       |       |    45 |    62 |    54 |    61 |   207 ||   429
       Eudemon blade     |       |       |       |       |       |       |       |       |    32 ||    32
